 Dungeon Crawl Stone Soup version 0.24.0-123-gd5b16e6ec5 (webtiles) character file.

Game seed: 2063348864787673233, levelgen mode: deterministic

23 Amplified the Sneak (level 2, -1/14 HPs)
             Began as a Vine Stalker Enchanter on Jan 13, 2020.
             Slain by a giant cockroach (2 damage)
             ... on level 1 of the Dungeon.
             The game lasted 00:02:10 (646 turns).

Amplified the Sneak (Vine Stalker Enchanter)         Turns: 646, Time: 00:02:11

Health: -1/14      AC:  2    Str: 10    XL:     2   Next: 95%
Magic:  0/6        EV: 12    Int: 15    God:
Gold:   27         SH:  0    Dex: 14    Spells: 4/5 levels left

rFire    . . .     SeeInvis .   a - +2 dagger
rCold    . . .     Gourm    .   (no shield)
rNeg     . . .     Faith    .   b - +0 robe
rPois    .         Spirit   +   (no helmet)
rElec    .         Reflect  .   (no cloak)
rCorr    .         Harm     .   (no gloves)
MR       .....                  (no boots)
Stlth    ++........             (no amulet)
HPRegen  0.04/turn              (no ring)
MPRegen  0.10/turn              (no ring)

@: no status effects
A: fangs 2, magic shield, antimagic bite, no potion heal 3, rot immunity
a: no special abilities


You were on level 1 of the Dungeon.
You were not hungry.

You visited 1 branch of the dungeon, and saw 1 of its levels.

You collected 27 gold pieces.

Inventory:

Hand Weapons
 a - a +2 dagger (weapon)
Missiles
 g - 6 boomerangs (quivered)
Armour
 b - a +0 robe (worn)
 c - a +0 scale mail
Comestibles
 d - a ration
 f - 2 chunks of flesh


   Skills:
 * Level 1.2 Fighting
 * Level 1.6 Short Blades
 * Level 0.9 Throwing
 - Level 1.5 Dodging
 - Level 3.6 Stealth
 - Level 2.1 Spellcasting
 - Level 3.0 Hexes


You had 4 spell levels left.
You knew the following spells:

 Your Spells              Type           Power        Failure   Level  Hunger
a - Corona                Hex            ##.....      6%          1    #......

Your spell library contained the following spells:

 Spells                   Type           Power        Failure   Level  Hunger
 Ensorcelled Hibernation  Hex/Ice        #.....       19%         2    ###....
 Confuse                  Hex            ##......     19%         3    ###....
 Tukima's Dance           Hex            ##......     19%         3    ###....
 Dazzling Spray           Conj/Hex       #.....       34%         3    ###....


Dungeon Overview and Level Annotations

Branches:
Dungeon (1/15)

Altars:


Innate Abilities, Weirdness & Mutations

You have extremely sharp teeth.
When hurt, damage is shared between your health and your magic reserves.
Your bite disrupts and absorbs the magic of your enemies.
Potions cannot restore your health.
You are immune to rotting.


Message History

The bat closely misses you.
Casting: Corona (safe; 6% risk of failure)
Confirm with . or Enter, or press ? or * to list all spells.
Aiming: Corona (safe; 6% risk of failure)
Press: ? - help, Shift-Dir - straight line, f - bat
Aim: a bat (chance to defeat MR: 63%)
The bat is outlined in light.
The bat completely misses you. The bat misses you. The bat closely misses you.
You hit the bat.
You kill the bat!
The bat hits you but does no damage. The bat hits you but does no damage.
Casting: Corona (safe; 6% risk of failure)
Confirm with . or Enter, or press ? or * to list all spells.
Aiming: Corona (safe; 6% risk of failure)
Press: ? - help, Shift-Dir - straight line, f - bat
Aim: a bat (chance to defeat MR: 63%)
The bat is outlined in light.
The bat hits you but does no damage. The bat closely misses you.
The giant cockroach bites you.
You die...

#.###g..####
##.## #g# #w# #.#
##...## #.#
##.....## #b#
##.......####s#
##.........+#b@#
##...........####
#.............#
#.............#
##......<......#
.#.............#
##.............#
##...........##
##.........##


You could see a dart slug, a giant cockroach, a hobgoblin and 2 bats.

Vanquished Creatures
  A giant cockroach (D:1)
  2 goblins (D:1)
  4 hobgoblins (D:1)
  5 jackals (D:1)
  5 bats (D:1)
  A rat (D:1)
18 creatures vanquished.

Notes
Turn   | Place    | Note
-------+----------+-------------------------------------------
     0 | D:1      | Amplified the Vine Stalker Enchanter began the quest for
                  | the Orb.
     0 | D:1      | Reached XP level 1. HP: 9/9 MP: 4/4
    28 | D:1      | Reached skill level 1 in Short Blades
   235 | D:1      | Reached XP level 2. HP: 9/14 MP: 6/6
   424 | D:1      | Reached skill level 1 in Fighting
   646 | D:1      | Slain by a giant cockroach

Levels and vault maps discovered:
D:1:      lemuel_arrival_rhombus, layout_loops_ring

Skill      XL: |  1  2 |
---------------+-------+-----
Short Blades   | 1 |  1.6
Fighting       | 1 |  1.2
Throwing       | |  0.9
Dodging        | |  1.5
Stealth        | |  3.6
Spellcasting   | |  2.1
Hexes          | |  3.0

Action                   || total
-------------------------++-------
Melee: Dagger            ||    63
       Bite              ||     8
Throw: Boomerang         ||     2
 Cast: Corona            ||     9
  Use: Scroll            ||     3
       Potion            ||     3
 Stab: Sleeping          ||     4
Armor: Robe              ||    32
Dodge: Dodged            ||    72
